 Dungeon Crawl Stone Soup version 0.20-b1 (webtiles) character file.

193 Gorglomux the Chopper (level 5, -1/47 HPs)
             Began as a Hill Orc Monk on May 19, 2017.
             Slain by a big kobold (6 damage)
             ... in a sewer.
             The game lasted 00:03:01 (2313 turns).

Gorglomux the Chopper (Hill Orc Monk)               Turns: 2313, Time: 00:03:01

Health: -1/47      AC:  2    Str: 15    XL:     5   Next: 72%
Magic:  5/5        EV: 13    Int: 10    God:
Gold:   152        SH:  0    Dex: 13    Spells: 4/4 levels left

rFire    . . .     SeeInvis .   a - +0 hand axe
rCold    . . .     Gourm    .   (no shield)
rNeg     . . .     Faith    .   b - +0 robe
rPois    .         Spirit   .   (no helmet)
rElec    .         Reflect  .   (no cloak)
rCorr    .         Harm     .   (no gloves)
MR       .....                  (no boots)
Stlth    ++........             (no amulet)
Regen    0.2/turn               (no ring)
MPRegen  0.1/turn               (no ring)

@: no status effects
A: no striking features
a: no special abilities


You were in a sewer.
You were hungry.

You visited 1 branch of the dungeon, and saw 3 of its levels.
You also visited: Sewer.

You collected 152 gold pieces.

Inventory:

Hand Weapons
 a - a +0 hand axe (weapon)
Armour
 b - a +0 robe (worn)
 f - a +0 pair of gloves
   (You found it on level 1 of the Dungeon)
Scrolls
 g - 2 scrolls of remove curse {unknown}
 h - a scroll of amnesia {unknown}
 j - a scroll of fog {unknown}
 k - a scroll of enchant weapon {unknown}
 l - a scroll of identify {unknown}
 m - a scroll of noise {unknown}
 n - a scroll of immolation {unknown}
 r - a scroll of blinking {unknown}
Potions
 d - a potion of lignification {unknown}
 s - a potion of flight {unknown}
Comestibles
 c - a bread ration {@e1}
 i - 8 fruits
 p - a meat ration {@e2}


   Skills:
 + Level 4.7 Fighting
 * Level 7.4 Axes
 - Level 2.4 Dodging
 - Level 1.5 Stealth


You had 4 spell levels left.
You didn't know any spells.

Dungeon Overview and Level Annotations

Branches:
Dungeon (3/15)

Altars:
Dithmenos
Qazlal
Trog
Uskayaw
Xom


Message History

You barely miss the worm. You hit the worm.
The worm splashes around in the water.
You slash the worm! The worm closely misses you.
Unknown command.
You hit the worm but do no damage.
You are feeling very hungry.
Unknown command.
You hit the worm. The worm misses you.
Unknown command.
You hit the worm.
Unknown command.
You hit the worm but do no damage. The worm closely misses you.
Unknown command.
You slash the worm!
You kill the worm!
You have reached level 5!
You feel stronger. The adder bites you.
You closely miss the adder. The adder bites you.
You are poisoned.
The adder poisons you!
You hit the adder.
You feel sick. The adder bites you.
You hit the adder. The adder bites you.
You completely miss the adder.
You feel sick. The adder bites you.
You are more poisoned.
The adder poisons you! The adder barely misses you.
You barely miss the adder.
You feel sick. The adder closely misses you.
You closely miss the adder.
You feel sick. The adder bites you.
You are more poisoned.
The adder poisons you!
You slash the adder!
You kill the adder!
You feel sick.
You enter the shallow water.
Moving in this stuff is going to be slow.
You feel sick.
You see here an adder corpse.
Unknown command.
You butcher the adder corpse.
You feel sick.
o - a chunk of flesh {@w0} You feel sick.
You start resting.
Eating a chunk of flesh {@w0}.
You eat the chunk of flesh {@w0}.
You feel sick. x12
You are no longer poisoned.
You start resting.
You are feeling hungry.
A big kobold comes into view. It is wielding a club.
A big kobold is nearby!
You are too injured to fight recklessly!
A big kobold is nearby!
You are too injured to fight recklessly!
Unknown command.
You are too injured to fight recklessly!
A big kobold is nearby!
You are too injured to fight recklessly!
A big kobold comes into view.
The big kobold shouts!
The big kobold throws a stone.
The stone closely misses you.
You see here a stone.
You swing at nothing.
The big kobold throws a stone.
The stone closely misses you.
You swing at nothing.
The big kobold throws a stone.
The stone hits you!
You barely miss the big kobold. The big kobold barely misses you.
You slash the big kobold! The big kobold hits you with a club.
You hit the big kobold but do no damage.
The big kobold barely misses you.
You hit the big kobold. The big kobold hits you with a club.
* * * LOW HITPOINT WARNING * * *
You hit the big kobold. The big kobold hits you with a club.
* * * LOW HITPOINT WARNING * * *
You hit the big kobold but do no damage.
You hit the big kobold but do no damage.
The big kobold barely misses you.
You hit the big kobold.
The big kobold hits you but does no damage.
Unknown command.
You feel much better.
The big kobold hits you but does no damage.
You closely miss the big kobold. The big kobold hits you with a club.
* * * LOW HITPOINT WARNING * * *
You closely miss the big kobold. The big kobold completely misses you.
You hit the big kobold.
The big kobold hits you but does no damage.
You slash the big kobold!
You kill the big kobold!
Your Axes skill increases to level 7!
You hit the big kobold. You slash the big kobold!
The big kobold completely misses you.
You barely miss the big kobold. The big kobold hits you.
* * * LOW HITPOINT WARNING * * *
You hit the big kobold. The big kobold closely misses you.
You hit the big kobold. The big kobold closely misses you.
You hit the big kobold but do no damage.
The big kobold hits you.
* * * LOW HITPOINT WARNING * * *
You closely miss the big kobold. The big kobold hits you.
* * * LOW HITPOINT WARNING * * *
You slash the big kobold! The big kobold hits you.
You die...

#≈ ##≈##
##≈.≈##
.####...≈≈#
.≈≈≈≈.≈...#
####....≈#
##≈..##
##.## #(#
#@# #K# .≈#
#.?≈ .!≈.
##≈..#
#####


You could see a big kobold.

Vanquished Creatures
  A big kobold (Sewer)
  6 adders
  2 oozes
  3 worms
  2 dart slugs
  2 leopard geckos
  2 orcs (D:3)
  4 giant cockroaches
  6 goblins
  7 hobgoblins
  A quokka (D:2)
  A ball python (D:2)
  6 bats
  A frilled lizard (D:2)
  3 kobolds
  5 rats
52 creatures vanquished.

Notes
Turn   | Place    | Note
-------+----------+-------------------------------------------
     0 | D:1      | Gorglomux the Hill Orc Monk began the quest for the Orb.
     0 | D:1      | Reached XP level 1. HP: 19/19 MP: 1/1
    76 | D:1      | Reached XP level 2. HP: 19/27 MP: 2/2
   716 | D:2      | HP: 6/27 [quokka (4)]
   719 | D:2      | Reached skill level 5 in Axes
   719 | D:2      | Reached XP level 3. HP: 28/33 MP: 3/3
   890 | D:2      | Gorglomux: whichgod gorglomux ho
   890 | D:2      | Gorglomux: !whichgod gorglomux ho
   890 | D:2      | beem: No keyword 'gorglomux'
   890 | D:2      | Gorglomux: !won . ho s=god
   890 | D:2      | beem: Gorglomux (ho) has won twice in 97 games (2.06%): 1xHOFi 1xHOGl
   890 | D:2      | Gorglomux: !lg . ho s=god win
   890 | D:2      | beem: 2 games for Gorglomux (ho win): Fedhas, Makhleb
  1093 | D:2      | Found a shadowy altar of Dithmenos.
  1128 | D:2      | Reached skill level 4 in Fighting
  1428 | D:2      | Found a bloodstained altar of Trog.
  1478 | D:3      | Noticed a hand axe
  1478 | D:3      | Noticed a dagger
  1482 | D:3      | Reached skill level 6 in Axes
  1482 | D:3      | Reached XP level 4. HP: 27/40 MP: 4/4
  1513 | D:3      | Found a hide-covered altar of Uskayaw.
  1660 | D:3      | Found a glowing drain.
  1868 | D:3      | Found a stormy altar of Qazlal.
  1868 | D:3      | Found a shimmering altar of Xom.
  1967 | Sewer    | Entered a sewer
  2138 | Sewer    | Reached XP level 5. HP: 41/47 MP: 5/5
  2154 | Sewer    | HP: 11/47 [poisoned by an adder]
  2160 | Sewer    | HP: 9/47 [poisoned by an adder]
  2166 | Sewer    | HP: 8/47 [poisoned by an adder]
  2173 | Sewer    | HP: 7/47 [poisoned by an adder]
  2287 | Sewer    | Noticed a big kobold
  2288 | Sewer    | Noticed a big kobold
  2296 | Sewer    | HP: 10/47 [big kobold/club (6)]
  2297 | Sewer    | HP: 4/47 [big kobold/club (6)]
  2305 | Sewer    | Killed a big kobold
  2305 | Sewer    | Reached skill level 7 in Axes
  2311 | Sewer    | HP: 9/47 [big kobold (5)]
  2313 | Sewer    | Slain by a big kobold

Skill      XL: |  1  2  3  4  5 |
---------------+----------------+-----
Axes           | 5 6 7 |  7.4
Fighting       | 4 |  4.7
Dodging        | |  2.4
Stealth        | |  1.5

Action                   |  1- 3 |  4- 6 || total
-------------------------+-------+-------++-------
Melee: Hand axe          |    79 |    97 ||   176
Throw: Tomahawk          |    41 |     8 ||    49
  Use: Potion            |     1 |     1 ||     2
 Stab: Sleeping          |     2 |       ||     2
       Distracted        |     1 |       ||     1
  Eat: Chunk             |     1 |     3 ||     4
Armor: Robe              |    13 |    14 ||    27
Dodge: Dodged            |    54 |    55 ||   109

Vault maps used:
D:1:      tarquinn_simple_flora_water_d, minivault_27
D:2:      lightli_temple_of_fire, old_standard_altar
D:3:      dancing_weapons_uskayaw, gammafunk_temple_overflow_wave,
          gup_sewer_entry_glass
Sewer:    sewer_co_15_rooms

Table legend:
 A = Turns spent in this place as a percentage of turns spent in the entire game.
 B = Non-inter-level travel turns spent in this place as a percentage of non-inter-level travel turns spent in the entire game.
 C = Inter-level travel turns spent in this place as a percentage of turns spent in this place.
 D = Turns resting spent in this place as a percentage of non-inter-level travel turns spent in this place.
 E = Turns spent auto-exploring this place as a percentage of non-inter-level travel turns spent in this place.
 F = Non-inter-level travel turns spent in this place divided by the number of levels of this place that you've seen.
                   A       B       C       D       E      F
               +-------+-------+-------+-------+-------+----------------------
         Total | 100.0 | 100.0 |   0.3 |   1.5 |   9.8 | 214.0
       Dungeon |  84.2 |  84.1 |   0.4 |   1.1 |  11.2 | 240.0
         Sewer |  15.8 |  15.9 |   0.0 |   3.7 |   2.2 | 136.0
               +-------+-------+-------+-------+-------+----------------------

Table legend:
 A = Kills in this place as a percentage of kills in entire the game.
 B = Kills by you in this place as a percentage of kills by you in the entire game.
 C = Kills by friends in this place as a percentage of kills by friends in the entire game.
 D = Other kills in this place as a percentage of other kills in the entire game.
 E = Experience gained in this place as a percentage of experience gained in the entire game.
 F = Experience gained in this place divided by the number of levels of this place that you have seen.
                   A       B       C       D       E      F
               +-------+-------+-------+-------+-------+----------------------
         Total | 100.0 | 100.0 |  -nan |  -nan | 100.0 |  69.0
       Dungeon |  88.5 |  88.5 |  -nan |  -nan |  48.9 |  45.0
         Sewer |  11.5 |  11.5 |  -nan |  -nan |  51.1 | 141.0
               +-------+-------+-------+-------+-------+----------------------
